 Dungeon Crawl Stone Soup version 0.28.0-62-gf88900778d (webtiles) character file.

Game seed: 10796769774286054267

1999 tkbsonic5 the Caller (level 9, 0/64 HPs)
             Began as a Demonspawn Summoner on July 8, 2023.
             Was a Follower of Uskayaw.
             Succumbed to a killer bee's poison
             ... on level 6 of the Dungeon.
             The game lasted 00:34:46 (8864 turns).

tkbsonic5 the Caller (Demonspawn Summoner)          Turns: 8864, Time: 00:34:47

Health: 0/64       AC:  2    Str:  9    XL:     9   Next: 2%
Magic:  15/15      EV: 13    Int: 21    God:    Uskayaw [*.....]
Gold:   238        SH:  0    Dex: 13    Spells: 1/16 levels left

rFire   . . .      SeeInvis .   r - +0 quarterstaff
rCold   . . .      Faith    .   (shield currently unavailable)
rNeg    . . .      Spirit   .   (no armour)
rPois   .          Reflect  .   (no helmet)
rElec   .          Harm     .   (no cloak)
rCorr   .          Rampage  .   (no gloves)
Will    +....                   (no boots)
Stlth   ++........              (no amulet)
HPRegen 0.20/turn               h - ring of willpower
MPRegen 0.14/turn               y - ring of flight

@: lethally poisoned (0 -> -37), flying
A: slimy green scales 1, powered by death 1
a: Renounce Religion, Stomp


You were on level 6 of the Dungeon.
You worshipped Uskayaw.
Uskayaw was noncommittal.
You visited 2 branches of the dungeon, and saw 8 of its levels.

You collected 238 gold pieces.

Inventory:

Hand Weapons
 b - a +0 dagger {***french bread knight}
 c - a +0 whip
 d - a +1 scimitar of freezing
 e - a +1 dagger of venom {plague adagio}
 f - a +2 war axe of electrocution {bolt chaines}
 l - a +1 dagger of draining {morte en avant}
 r - a +0 quarterstaff (weapon)
 s - a +2 vampiric dagger {sanguine fondue}
 x - a +0 vorpal hand axe
Missiles
 g - 66 arrows
 k - 39 bolts
 u - 2 poisoned darts
Armour
 a - a +0 robe
 j - +0 steam dragon scales
 z - a +0 chain mail
 A - a +0 leather armour
 B - a +0 ring mail
 C - a +0 scale mail
Magical Staves
 m - a staff of fire
Jewellery
 h - a ring of willpower (left hand)
 y - a ring of flight (right hand)
Wands
 o - a wand of paralysis (6) (quivered)
Scrolls
 p - 3 scrolls of blinking {unknown}
 q - 2 scrolls of teleportation {unknown}
 v - 2 scrolls of enchant armour {unknown}
 G - a scroll of torment {unknown}
 H - a scroll of silence {unknown}
 J - a scroll of summoning {unknown}
Potions
 t - 2 potions of ambrosia
 w - 2 potions of mutation
 E - 2 potions of curing
 I - a potion of flight {unknown}


   Skills:
 * Level 3.2 Fighting
 - Level 1.8 Short Blades
 * Level 2.9 Staves
 - Level 1.0 Armour
 * Level 4.4 Dodging
 - Level 1.7 Stealth
 * Level 4.3 Spellcasting
 * Level 2.7 Hexes
 * Level 6.3 Summonings
 + Level 2.3 Ice Magic
 * Level 0.7 Air Magic
 * Level 4.1 Invocations
 * Level 2.8 Evocations


You had one spell level left.
You knew the following spells:

 Your Spells              Type           Power      Damage    Failure   Level
a - Summon Small Mammal   Summ           100%       N/A       1%          1
b - Call Imp              Summ           31%        N/A       1%          2
c - Call Canine Familiar  Summ           31%        N/A       2%          3
d - Summon Guardian Gole  Hex/Summ       23%        N/A       5%          3
e - Ensorcelled Hibernat  Hex/Ice        30%        N/A       6%          2
f - Summon Lightning Spi  Summ/Air       19%        N/A       26%         4

Your spell library contained the following spells:

 Spells                   Type           Power      Damage    Failure   Level
 Passwall                 Tmut/Erth      3%         N/A       17%         2
 Swiftness                Air            7%         N/A       26%         3


Dungeon Overview and Level Annotations

Branches:
Dungeon (7/15)             Temple (1/1) D:4

Altars:
Ashenzari
Cheibriados
Fedhas
Gozag
Nemelex Xobeh
Qazlal
Ru
Sif Muna
Trog
Uskayaw
Vehumet
Wu Jian
Yredelemnul
Zin

Shops:
D:2 !=*!


Innate Abilities, Weirdness & Mutations

You are partially covered in slimy green scales. (AC +2)
You regenerate a little health from kills.


Message History

You feel sick.
You can now pass through a line of other dancers.
The helpless bullfrog fails to defend itself.
You puncture the bullfrog!
You kill the bullfrog!
You feel sick.
You are no longer poisoned.
You have reached level 9!
Your experience leads to an increase in your attributes!
Increase (S)trength, (I)ntelligence, or (D)exterity?
You feel clever. x2
r - a +0 quarterstaff (weapon)
You start resting.
Magic restored.
You start resting.
HP restored.
You fly downwards.
The killer bee stings you! The killer bee stings you.
The killer bee barely misses you. The killer bee stings you! x2
The killer bee closely misses you. The centaur skeleton misses you.
The centaur skeleton closely misses you.
The killer bee stings you.
You are poisoned.
The killer bee poisons you!
There is a stone staircase leading up, spattered with blood here.
You feel very sick. The killer bee stings you!
You are more poisoned.
The killer bee poisons you! The killer bee stings you. x2
* * * LOW HITPOINT WARNING * * *
You are more poisoned.
The killer bee poisons you! The killer bee closely misses you.
The centaur skeleton hits you but does no damage.
The centaur skeleton kicks you.
* * * LOW HITPOINT WARNING * * *
The killer bee misses you. The killer bee stings you.
* * * LOW HITPOINT WARNING * * *
You are more poisoned.
The killer bee poisons you!
You fly upwards.
You die...

....P..P........####
#....P.............##
#.....P..P..........#
#.._.P..........#.###
..............).#..#
#...P.............##
#....P..........####
#..P...PP....##.##.##
...P..........#y@...#
#......P........yy..#
#..P........)......##
#.P....P...........##
..P.................#
..P...P.............#
.P..P...............#
.P..P.._.........####
.........##.##.###


You could see 3 killer bees.

Vanquished Creatures
  A hornet zombie (D:6)
  2 ogres (D:6)
  2 ice beasts (D:5)
  A phantom (D:4)
  A bullfrog (D:6)
  4 scorpions
  An iguana (D:6)
  A hound skeleton (D:5)
  4 adders
  2 dart slugs
  7 orcs
  4 endoplasms
  4 giant cockroaches
  2 hobgoblins
  A jackal (D:2)
  4 quokkas
  3 ball pythons
  5 bats
  2 frilled lizards
  2 goblins (D:1)
  2 kobolds
  2 rats (D:3)
57 creatures vanquished.

Vanquished Creatures (collateral kills)
  A black bear (D:6)
  A water moccasin zombie (D:4)
  2 jellies
  A bullfrog zombie (D:6)
  An orc priest (D:3)
  An iguana (D:3)
  3 orc wizards
  4 adders
  A white imp (D:5)
  2 adder skeletons (D:4)
  A worm (D:3)
  A dart slug (D:1)
  11 orcs
  2 bats
  7 endoplasms
  4 goblins
  2 hobgoblins
  2 jackals (D:2)
  2 kobolds
  3 ball pythons
  2 frilled lizards
  2 rats
56 creatures vanquished.

Vanquished Creatures (others)
  Maggie (D:6)
  Eustachio (D:5)
  Duvessa (D:4)
  Dowan (D:4)
  39 plants (D:6)
43 creatures vanquished.

Grand Total: 156 creatures vanquished

Notes
Turn   | Place    | Note
-------+----------+-------------------------------------------
     0 | D:1      | tkbsonic5 the Demonspawn Summoner began the quest for the
                  | Orb.
     0 | D:1      | Reached XP level 1. HP: 13/13 MP: 3/3
   103 | D:1      | Gained mutation: You are partially covered in slimy green
                  | scales. (AC +2) [demonic ancestry]
   103 | D:1      | Reached XP level 2. HP: 13/19 MP: 1/5
   106 | D:1      | Learned a level 2 spell: Call Imp
   336 | D:1      | Found a faded altar of an unknown god.
  1042 | D:2      | Reached XP level 3. HP: 20/24 MP: 0/7
  1354 | D:2      | Found Axutwynt's Jewellery Shoppe.
  1532 | D:2      | Found Cotuonn's Distillery.
  1541 | D:2      | Learned a level 3 spell: Call Canine Familiar
  1871 | D:2      | Found Tiheergh's Distillery.
  1993 | D:2      | Found Kideblut's General Store.
  2202 | D:2      | Reached XP level 4. HP: 30/30 MP: 1/8
  3152 | D:3      | Reached skill level 5 in Summonings
  3169 | D:3      | Reached skill level 1 in Short Blades
  3169 | D:3      | Reached XP level 5. HP: 18/35 MP: 4/10
  3587 | D:3      | Learned a level 3 spell: Summon Guardian Golem
  3590 | D:3      | Learned a level 2 spell: Ensorcelled Hibernation
  4218 | D:4      | Found a staircase to the Ecumenical Temple.
  4231 | D:4      | Reached XP level 6. HP: 30/41 MP: 6/11
  4335 | Temple   | Entered the Ecumenical Temple
  4567 | Temple   | Became a worshipper of Uskayaw the Reveller
  4659 | D:4      | Noticed Dowan
  4662 | D:4      | Noticed Duvessa
  4667 | D:4      | Reached * piety under Uskayaw
  4692 | D:4      | Killed Dowan
  4693 | D:4      | Reached skill level 1 in Ice Magic
  4693 | D:4      | Killed Duvessa
  4694 | D:4      | Reached skill level 1 in Hexes
  5608 | D:4      | Reached skill level 1 in Fighting
  5608 | D:4      | Gained mutation: You regenerate a little health from kills.
                  | [demonic ancestry]
  5608 | D:4      | Reached XP level 7. HP: 31/48 MP: 8/12
  5746 | D:4      | Reached skill level 1 in Invocations
  6178 | D:4      | Reached skill level 1 in Staves
  6178 | D:4      | Reached skill level 1 in Armour
  6375 | D:5      | Entered Level 5 of the Dungeon
  6985 | D:5      | Reached skill level 1 in Evocations
  7054 | D:5      | Reached ** piety under Uskayaw
  7140 | D:5      | Noticed Eustachio
  7163 | D:5      | Killed Eustachio
  7164 | D:5      | Reached XP level 8. HP: 52/56 MP: 4/14
  7652 | D:6      | Found a radiant altar of Vehumet.
  7710 | D:6      | Noticed Maggie
  7731 | D:6      | Killed Maggie
  7732 | D:6      | Reached skill level 6 in Summonings
  7947 | D:6      | Learned a level 4 spell: Summon Lightning Spire
  8218 | D:6      | Found an ornate altar of the Wu Jian Council.
  8471 | D:6      | Found a blossoming altar of Fedhas.
  8684 | D:6      | Reached XP level 9. HP: 28/64 MP: 7/15
  8864 | D:6      | Succumbed to a killer bee's poison

Illustrated notes

Levels and vault maps discovered:
D:1:      sevenhm_arrival_forest_fort_small_4, layout_rooms,
          ebering_ecumenical_altar_sacrificial
D:2:      minmay_chambers_of_twos, layout_basic, serial_shops,
          nicolae_shop_crystal, nicolae_shop_hallway_plus, shop,
          nicolae_shop_crystal, patterned_corridor
D:3:      minmay_razor_zed, layout_loops_ring
D:4:      layout_gridville, minmay_temple_entry_tees, bh_walls_and_bars,
          uniq_duvessa
D:5:      layout_basic, uniq_eustachio
D:6:      layout_cave_pools, nicolae_wu_jian_glorious_leap,
          mainiacjoe_overflow_catch_the_wave, uniq_maggie
D:7:      gammafunk_cloud_chamber, layout_rooms,
          chequers_temple_overflow_statue_of_worship, serial_bayou,
          serial_bayou_pond_c, serial_bayou_shore_a, serial_bayou_pond_b,
          serial_bayou_shore_b, amcnicky_mini_corridor_feature
Temple:   minmay_temple_forest_path

Skill      XL: |  1  2  3  4  5  6  7  8 |
---------------+-------------------------+-----
Dodging        | 2 3 4 |  4.4
Spellcasting   | 3 4 |  4.3
Summonings     | 5 6 |  6.3
Short Blades   | 1 |  1.8
Ice Magic      | 1 2 |  2.3
Hexes          | 1 2 |  2.7
Fighting       | 1 2 3 |  3.2
Invocations    | 2 4 |  4.1
Staves         | 1 2 |  2.9
Armour         | 1 |  1.0
Evocations     | 1 2 |  2.8
Stealth        | |  1.7
Air Magic      | |  0.7

Action                   |  1- 3 |  4- 6 |  7- 9 || total
-------------------------+-------+-------+-------++-------
Melee: Dagger            |    49 |   130 |    20 ||   199
       Punch             |     1 |     1 |     1 ||     3
       Whip              |     1 |       |       ||     1
       War axe           |     7 |       |       ||     7
       Staff             |       |     5 |       ||     5
       Quarterstaff      |       |    13 |    24 ||    37
Throw: Dart              |       |       |     2 ||     2
 Cast: Summon Small Mamm |    31 |    26 |    18 ||    75
       Call Imp          |    19 |    20 |     8 ||    47
       Call Canine Famil |     2 |    18 |    13 ||    33
       Summon Guardian G |       |     3 |    14 ||    17
       Ensorcelled Hiber |       |       |     2 ||     2
Evoke: Wand              |       |       |    28 ||    28
  Use: Scroll            |     1 |     2 |     6 ||     9
       Potion            |       |     1 |     4 ||     5
 Stab: Distracted        |     1 |       |       ||     1
       Sleeping          |       |     2 |     2 ||     4
       Paralysed         |       |       |     9 ||     9
Armor: Robe              |    18 |    38 |     6 ||    62
       Skin              |       |       |     2 ||     2
Dodge: Dodged            |    47 |    81 |    34 ||   162
